 Dungeon Crawl Stone Soup version 0.29-a0-824-gd827844252 (webtiles) character file.

Game seed: 5135053503062353238

143 coolguy69 the Cutter (level 5, -3/28 HPs)
             Began as a Vine Stalker Monk on July 10, 2022.
             Slain by an orc
             ... wielding a +0 whip
              (5 damage)
             ... on level 3 of the Dungeon.
             The game lasted 00:02:21 (2219 turns).

coolguy69 the Cutter (Vine Stalker Monk)            Turns: 2219, Time: 00:02:21

Health: -3/28      AC:  8    Str: 15    XL:     5   Next: 25%
Magic:  0/6        EV: 13    Int: 10    God:
Gold:   189        SH:  0    Dex: 17    Spells: 4/4 levels left

rFire   . . .      SeeInvis .   l - +3 dagger (speed)
rCold   . . .      Faith    .   (no shield)
rNeg    . . .      Spirit   +   d - +0 leather armour
rPois   .          Reflect  .   (no helmet)
rElec   .          Harm     .   j - +0 cloak
rCorr   .          Rampage  .   h - +2 pair of gloves
Will    .....                   k - +0 pair of boots
Stlth   ++........              (no amulet)
HPRegen 0.89/turn               (no ring)
MPRegen 0.10/turn               (no ring)

@: no status effects
A: fangs 2, regeneration 1, magic shield, antimagic bite, no potion heal 2
a: no special abilities


You were on level 3 of the Dungeon.
You visited 1 branch of the dungeon, and saw 3 of its levels.

You collected 189 gold pieces.

Inventory:

Hand Weapons
 l - a +3 dagger of speed (weapon)
Armour
 d - a +0 leather armour (worn)
 h - a +2 pair of gloves (worn)
 j - a +0 cloak (worn)
 k - a +0 pair of boots (worn)
Jewellery
 m - a ring of wizardry
 r - a ring of positive energy
Scrolls
 a - a scroll of immolation {unknown}
 b - 2 scrolls of enchant armour {unknown}
 f - a scroll of identify {unknown}
 i - a scroll of noise {unknown}
 n - a scroll of poison {unknown}
 p - a scroll of teleportation {unknown}
Potions
 c - a potion of ambrosia
 e - 2 potions of lignification {unknown}
 g - a potion of berserk rage {unknown}
 o - a potion of might {unknown}
 q - 2 potions of curing {unknown}
 s - a potion of haste {unknown}


   Skills:
 + Level 3.1 Fighting
 + Level 3.6 Short Blades
 + Level 1.4 Armour
 + Level 3.0 Dodging
 + Level 3.5 Stealth


You had 4 spell levels left.
You didn't know any spells.
Your spell library contained the following spells:

 Spells                   Type           Power      Damage    Failure   Level
 Apportation              Tloc           0%         N/A       43%         1
 Necrotise                Necr           0%         1d4       43%         1
 Summon Small Mammal      Summ           0%         N/A       43%         1
 Call Canine Familiar     Summ           0%         N/A       80%         3
 Summon Guardian Golem    Hex/Summ       0%         N/A       80%         3


Dungeon Overview and Level Annotations

Branches:
Dungeon (3/15)

Altars:
Gozag

Annotations:
D:3 Ijyb


Innate Abilities, Weirdness & Mutations

You have extremely sharp teeth.
Your natural rate of healing is unusually fast.
When hurt, damage is shared between your health and your magic reserves.
Your bite disrupts and absorbs the magic of your enemies.
Potions cannot restore your health.


Message History

Something hits you but does no damage. Ijyb hits you but does no damage.
You hit Ijyb but do no damage.
Ijyb is heavily wounded.
Something hits you but does no damage.
Ijyb hits you with a +5 dagger of speed.
You closely miss Ijyb. You bite Ijyb, but do no damage.
Ijyb is heavily wounded.
You barely miss Ijyb.
Ijyb is heavily wounded.
Ijyb hits you with a +5 dagger of speed.
Something hits you but does no damage.
You hit Ijyb. You bite Ijyb, but do no damage.
Ijyb is severely wounded.
Ijyb drinks a potion.
Ijyb is healed!
You completely miss Ijyb. Your bite misses Ijyb. Something hits you.
You are too injured to fight recklessly!
You are too injured to fight recklessly!
You are too injured to fight recklessly!
You are too injured to fight recklessly!
You are too injured to fight recklessly!
You hit Ijyb but do no damage.
Ijyb zaps a wand.
The puff of flame hits you.
You hit Ijyb but do no damage. You bite Ijyb, but do no damage.
Something hits you but does no damage.
Ijyb hits you with a +5 dagger of speed.
* * * LOW HITPOINT WARNING * * *
You hit Ijyb. Your bite misses Ijyb.
Ijyb is lightly wounded.
Ijyb hits you with a +5 dagger of speed.
* * * LOW HITPOINT WARNING * * *
Something hits you but does no damage.
You barely miss Ijyb.
Ijyb is lightly wounded.
Ijyb barely misses you.
You hit Ijyb but do no damage.
Ijyb is lightly wounded.
Something hits you but does no damage. Something hits you.
* * * LOW HITPOINT WARNING * * *
Something hits you.
You die...

######## ########......#
#......#......#
#......#......#
#....:.#.........#
#...........#..#.# .#
#......#..#.# .# ###
#.{g...+..#.# .#...
#..@...##.#.##.#.###
#######.####............
.........####........#
.....................#
.######..####.##...#.# #
#.......##...#.#.#
#.....####...#.#.#
#..#### #.......# #..#
#.#.#.###


You could see Ijyb.

Vanquished Creatures
  Natasha (D:2)
  Terence (D:2)
  3 adders
  A gnoll (D:1)
  2 dart slugs
  6 ball pythons
  5 bats
  4 endoplasms
  A giant cockroach (D:2)
  4 goblins
  6 hobgoblins
  A quokka (D:2)
  5 frilled lizards
  6 kobolds
  5 rats
51 creatures vanquished.

Notes
Turn   | Place    | Note
-------+----------+-------------------------------------------
     0 | D:1      | coolguy69 the Vine Stalker Monk began the quest for the
                  | Orb.
     0 | D:1      | Reached XP level 1. HP: 11/11 MP: 2/2
   161 | D:1      | Reached XP level 2. HP: 14/16 MP: 1/3
   342 | D:1      | Reached XP level 3. HP: 19/20 MP: 4/4
  1367 | D:2      | Gained mutation: Your natural rate of healing is unusually
                  | fast. [Vine Stalker growth]
  1367 | D:2      | Reached XP level 4. HP: 20/24 MP: 3/5
  1480 | D:2      | Found an opulent altar of Gozag.
  1505 | D:2      | Found a faded altar of an unknown god.
  1813 | D:2      | Noticed Natasha
  1820 | D:2      | Killed Natasha
  1821 | D:2      | Reached skill level 1 in Armour
  1874 | D:2      | Noticed Terence
  1896 | D:2      | Killed Terence
  1897 | D:2      | Reached XP level 5. HP: 27/28 MP: 6/6
  2190 | D:3      | Noticed Ijyb
  2219 | D:3      | Slain by an orc

Illustrated notes

Levels and vault maps discovered:
D:1:      wander_arrival_lonely_grave, layout_basic
D:2:      layout_basic, basic_altar, basic_ecumenical_altar, minmay_nonomino_d4,
          uniq_terence, uniq_natasha
D:3:      layout_basic, uniq_ijyb

Skill      XL: |  1  2  3  4 |
---------------+-------------+-----
Short Blades   | 3 |  3.6
Fighting       | 3 |  3.1
Stealth        | 3 |  3.5
Armour         | 1 |  1.4
Dodging        | 3 |  3.0

Action                   |  1- 3 |  4- 6 || total
-------------------------+-------+-------++-------
Melee: Short sword       |    58 |       ||    58
       Bite              |    20 |    25 ||    45
       Dagger            |    18 |    85 ||   103
       Punch             |     1 |     2 ||     3
 Stab: Sleeping          |     6 |     1 ||     7
       Distracted        |       |     1 ||     1
Armor: Robe              |     2 |       ||     2
       Leather armour    |    16 |    26 ||    42
Dodge: Dodged            |    41 |    28 ||    69

Table legend: (Time is in decaauts)
 A = Elapsed time spent in this place.
 B = Non-inter-level travel time spent in this place.
 C = Inter-level travel time spent in this place.
 D = Time resting spent in this place.
 E = Time spent auto-exploring this place.
 F = Levels seen in this place.
 G = Mean time per level.
                   A        B        C        D        E       F      G
               +--------+--------+--------+--------+--------+-----+--------+
         Total |   2179 |   2047 |    132 |      0 |   1669 |   3 |  726.3 |
       Dungeon |   2179 |   2047 |    132 |      0 |   1669 |   3 |  726.3 |
               +--------+--------+--------+--------+--------+-----+--------+

Top non-repeatable levels by time:
     D:1: 1257 daAuts
     D:2: 690 daAuts
     D:3: 232 daAuts
